Map: Infestazione

Players

Mørtebianca - Winner!

  • Race: Zerg Zerg
  • League: Diamond
  • Spawn Location: 9:00

Jhyrachy - Winner!

  • Race: Zerg Zerg
  • League: Silver
  • Spawn Location: 9:00

Abe

  • Race: Terran Terran
  • League: Platinum
  • Spawn Location: 3:00

ZerO

  • Race: Zerg Zerg
  • League: Diamond
  • Spawn Location: 3:00

VOD

Have the link to the VOD?

Description

Time

  • Played on: Dec. 17, 2015, 6:10 p.m.
  • Length: 16:21
Show
View Real Time Build Order
Export as new Build Order

Mørtebianca Zerg - Winner!

Build Orders: Pool First 

Get SALT Encoding   

  12  0:01  Drone  
  13  0:13  Drone  
  14  0:21  Overlord  
  14  0:39  Drone  
  14  0:40  Drone x2  
  17  0:47  Extractor  
  16  0:51  Drone  
  16  0:52  Spawning Pool  
  16  1:01  Drone  
  17  1:21  Drone  
  17  1:25  Drone  
  19  1:26  Hatchery  
  18  1:33  Drone  
  19  1:59  Metabolic Boost  
  19  2:04  Zergling x2  
  19  2:07  Zergling x2  
  19  2:08  Hatchery  
  20  2:16  Overlord  
  20  2:26  Overlord  
  20  2:29  Queen  
  22  2:36  Drone  
  23  2:39  Drone x2  
  25  2:47  Queen  
  25  2:51  Drone  
  28  2:55  Drone  
  29  2:59  Drone  
  29  3:01  Drone  
  31  3:08  Queen  
  31  3:12  Drone  
  34  3:15  Overlord  
  34  3:20  Drone  
  34  3:21  Drone  
  34  3:22  Drone  
  37  3:31  Drone  
  37  3:33  Drone x2  
  40  3:40  Drone x3  
  43  3:42  Drone x2  
  43  3:46  Drone  
  46  3:52  Drone  
  46  3:53  Drone  
  48  4:00  Roach Warren  
  48  4:01  Evolution Chamber  
  48  4:02  Drone x2  
  48  4:03  Drone  
  48  4:04  Evolution Chamber  
  48  4:08  Extractor  
  47  4:11  Extractor  
  47  4:13  Queen  
  47  4:16  Drone x3  
  51  4:17  Drone  
  51  4:18  Drone  
  51  4:20  Drone  
  51  4:22  Drone  
  51  4:23  Drone  
  56  4:25  Drone  
  56  4:29  Zerg Missile Weapons Level 1  
  56  4:30  Drone  
  58  4:33  Overlord  
  58  4:37  Overlord  
  58  4:40  Overlord  
  58  5:01  Zerg Ground Armor Level 1  
  58  5:05  Drone  
  58  5:06  Drone x3, Extractor  
  61  5:07  Overlord x3  
  61  5:09  Drone x3  
  61  5:12  Drone  
  61  5:13  Extractor  
  62  5:24  Roach x3  
  68  5:29  Roach x4  
  68  5:30  Roach  
  68  5:35  Lair  
  78  5:36  Roach  
  78  5:42  Roach x3  
  86  5:45  Roach  
  86  5:46  Drone x2  
  86  5:48  Drone  
  91  5:51  Drone  
  91  5:53  Hatchery  
  91  5:54  Drone x2  
  93  6:02  Roach x2  
  93  6:03  Roach x4  
  103  6:11  Roach x3  
  103  6:16  Roach  
  100  6:27  Drone x2  
  100  6:28  Drone  
  99  6:33  Drone x2  
  99  6:38  Overlord x3  
  99  6:49  Drone x3  
  99  6:50  Drone, Extractor  
  99  6:51  Drone  
  99  6:52  Drone x2  
  105  6:54  Drone  
  105  6:56  Zerg Missile Weapons Level 2  
  105  6:57  Zerg Ground Armor Level 2  
  104  7:10  Overseer  
  104  7:13  Overseer  
  104  7:15  Ravager x5  
  108  7:16  Ravager  
  110  7:33  Drone x2  
  110  7:35  Drone  
  112  7:37  Overlord x4  
  112  7:45  Roach  
  112  7:46  Roach x8  
  112  7:51  Overlord x2  
  130  7:56  Roach  
  132  7:59  Ravager  
  132  8:00  Ravager x4  
  132  8:01  Ravager  
  132  8:02  Overlord x2  
  132  8:03  Overlord  
  136  8:12  Roach x4  
  128  8:27  Roach x7  
  138  8:29  Zergling x2  
  138  8:32  Hatchery  
  138  8:33  Spore Crawler  
  138  8:34  Overseer  
  120  8:57  Drone x2  
  120  8:58  Drone x3  
  118  9:06  Roach x4  
  118  9:07  Roach x3  
  115  9:13  Roach  
  115  9:14  Roach  
  110  9:30  Drone x3  
  110  9:31  Drone  
  93  9:39  Roach  
  93  9:40  Roach x2  
  93  9:45  Glial Reconstitution  
  95  9:51  Infestation Pit  
  94  9:53  Drone x2  
  94  9:54  Drone x3  
  94  9:55  Queen x2  
  103  10:03  Overlord  
  103  10:04  Overseer x3, Overlord  
  103  10:05  Overseer  
  103  10:06  Pneumatized Carapace  
  103  10:12  Roach x2  
  107  10:14  Drone  
  107  10:15  Drone  
  107  10:17  Drone  
  107  10:19  Drone  
  107  10:37  Roach  
  107  10:38  Roach x8  
  107  10:41  Overseer  
  125  10:45  Roach x2  
  125  10:46  Roach  
  131  10:56  Drone x4  
  135  11:02  Ravager x8  
  135  11:03  Tunneling Claws, Ravager  
  142  11:17  Roach  
  142  11:18  Roach x7  
  158  11:21  Overseer  
  156  11:30  Ravager x2  
  156  11:32  Zergling x26  
  171  11:51  Roach x3  
  171  11:52  Roach x2  
  181  11:55  Hive  
  181  12:04  Extractor  
  181  12:07  Extractor  
  173  12:11  Hatchery  
  168  12:20  Ravager x3  
  168  12:21  Ravager x5  
  173  12:23  Zergling x26  
  173  12:24  Zergling x10  
  191  12:32  Overlord x2  
  191  12:33  Overlord  
  117  13:16  Roach x16  
  117  13:17  Roach x2  
  148  13:25  Ravager x5  
  151  13:34  Drone x3  
  152  13:35  Drone x2  
  152  13:36  Drone  
  157  14:06  Overseer x3  
  157  14:07  Overlord x3  
  157  14:08  Overlord x3  
  102  14:41  Roach x13  
  102  14:42  Roach  
  124  14:47  Roach  
  109  15:04  Roach x7  
  123  15:17  Drone x4  
  127  15:24  Ravager  
  127  15:25  Ravager x13  
  127  15:27  Roach x2  
  127  15:28  Roach x2  
  149  15:36  Hatchery  
  149  15:38  Roach  
  149  15:39  Roach x5  
  160  15:46  Hatchery  
  159  15:50  Extractor x2  
  157  16:00  Ravager x8  
  157  16:01  Ravager  
  157  16:02  Roach x5  
Show
View Real Time Build Order
Export as new Build Order

Jhyrachy Zerg - Winner!

Build Orders: Hatch First 

Get SALT Encoding   

  12  0:02  Drone  
  13  0:12  Drone  
  14  0:19  Extractor  
  14  0:20  Extractor  
  14  0:21  Drone  
  13  0:23  Drone  
  16  0:49  Hatchery  
  15  0:51  Overlord  
  15  1:08  Extractor  
  14  1:13  Spawning Pool  
  14  1:14  Drone  
  14  1:19  Extractor  
  14  1:20  Drone  
  14  1:21  Drone  
  15  1:47  Drone x3  
  18  1:59  Drone  
  19  2:03  Queen  
  19  2:05  Queen  
  23  2:10  Drone  
  24  2:17  Metabolic Boost  
  24  2:32  Baneling Nest  
  24  2:36  Evolution Chamber  
  22  2:37  Drone x2  
  24  2:56  Pneumatized Carapace  
  24  2:59  Zergling x6  
  24  3:00  Zergling x2  
  28  3:31  Baneling x3  
  28  3:32  Baneling x2  
  28  3:33  Overlord  
  28  3:34  Overlord x2  
  28  3:44  Baneling  
  28  3:45  Baneling  
  28  3:54  Baneling  
  24  5:12  Drone  
  24  5:13  Drone x12  
  37  5:40  Extractor  
  36  5:57  Zergling x2  
  36  5:58  Zergling x20  
  37  6:36  Zergling x2  
  37  6:37  Zergling x14  
  45  6:41  Baneling x3  
  45  7:01  Baneling x14  
  45  7:02  Baneling x2  
  45  7:38  Zergling x6  
  45  7:39  Zergling x6  
  45  7:42  Overlord  
  45  7:43  Overlord x3  
  38  9:35  Spore Crawler  
  37  9:39  Spine Crawler  
  36  9:46  Spine Crawler  
  27  10:08  Zergling x8  
  27  10:09  Zergling x22  
  42  10:25  Extractor  
  40  11:01  Baneling  
  40  11:02  Baneling x8  
  40  11:03  Baneling x20  
  40  11:12  Zergling x2  
  40  11:13  Zergling x22  
  52  11:34  Baneling  
  52  11:35  Baneling x13  
  52  12:02  Lair  
  52  12:06  Drone x5  
  37  13:50  Zergling x12  
  37  13:51  Zergling x2  
  40  14:44  Hatchery  
  37  15:56  Baneling  
  39  15:57  Baneling x9  
  39  15:58  Zergling x2  
  39  15:59  Zergling x22  
  39  16:00  Zergling x2  
  52  16:09  Extractor  
Show
View Real Time Build Order
Export as new Build Order

Abe Terran 

Build Orders:  

Get SALT Encoding   

  12  0:00  SCV  
  13  0:13  SCV  
  14  0:18  Supply Depot  
  14  0:25  SCV  
  15  0:40  SCV, Barracks  
  16  0:46  Refinery  
  16  0:52  SCV  
  17  1:04  SCV  
  18  1:16  SCV  
  19  1:28  SCV  
  20  1:35  Marine  
  21  1:40  Refinery, SCV  
  22  1:52  SCV  
  23  1:54  Supply Depot  
  23  1:57  Supply Depot, Factory  
  23  2:01  Bunker  
  23  2:14  Orbital Command  
  23  2:16  Marine  
  23  2:19  Supply Depot  
  24  2:36  Marine  
  25  2:41  Factory Reactor  
  25  2:45  SCV  
  26  3:07  Command Center  
  26  3:12  SCV  
  27  3:18  Hellion x2  
  31  3:24  SCV  
  32  3:39  Hellion x2  
  36  3:53  SCV  
  37  4:01  Hellion x2  
  41  4:05  SCV  
  42  4:17  SCV  
  43  4:29  SCV  
  33  5:04  SCV x2  
  35  5:08  Widow Mine x2  
  35  5:09  Factory  
  35  5:11  Starport  
  39  5:16  SCV x2  
  41  5:28  SCV x2  
  43  5:36  Widow Mine x2  
  43  5:40  SCV x2  
  49  5:49  Medivac  
  51  5:52  SCV x2  
  51  5:54  Supply Depot  
  53  5:58  Supply Depot  
  53  6:04  SCV  
  53  6:05  Widow Mine x2  
  58  6:16  Barracks Tech Lab  
  58  6:19  Medivac  
  58  6:20  Barracks  
  54  6:33  Widow Mine x2  
  55  7:09  Barracks  
  55  7:14  Stimpack  
  57  7:16  Marauder  
  57  7:17  Barracks Reactor  
  55  7:37  Marauder  
  55  7:54  SCV x2  
  57  8:00  Barracks Reactor  
  57  8:06  SCV  
  52  8:50  Marauder, Marine  
  52  8:51  Marine x3  
  54  9:08  Marine x3  
  54  9:09  Marine  
  58  9:12  Marauder  
  58  9:15  Combat Shields  
  51  9:26  Marine x4  
  55  9:33  Marauder  
  57  9:44  Marine  
  54  9:53  Marine x2  
  54  9:54  Marine  
  54  9:55  Marauder  
  59  10:02  Marine  
  60  10:09  Widow Mine x2, Starport Reactor  
  60  10:11  Marine x3  
  67  10:16  Marauder  
  67  10:19  Marine  
  67  10:20  Barracks x2  
  64  10:29  Marine x3  
  59  10:37  Marauder, Marine  
  59  10:38  Widow Mine x2  
  66  10:46  Marine  
  66  10:47  Marine x2  
  69  10:51  Concussive Shells  
  69  10:55  Marine  
  68  10:58  SCV x2  
  68  10:59  Marauder, Barracks  
  68  11:02  Barracks  
  72  11:04  Marine x2  
  72  11:05  Marine  
  72  11:06  Widow Mine  
  72  11:09  Barracks x2  
  72  11:10  SCV  
  78  11:23  Command Center, SCV x2  
  78  11:24  Widow Mine, Marine  
  78  11:29  Marine  
  78  11:30  Marine x3  
  78  11:32  Barracks Reactor  
  78  11:36  Widow Mine, SCV  
  78  11:37  Supply Depot  
  81  11:40  Supply Depot x2  
  81  11:41  Barracks Tech Lab  
  81  11:42  Marauder  
  82  11:47  Marine, Barracks  
  82  11:49  Barracks Tech Lab  
  82  11:50  Marine  
  82  11:51  Marine x3  
  82  11:53  Widow Mine  
  89  11:58  Marine x2  
  89  11:59  Engineering Bay  
  89  12:00  Engineering Bay  
  91  12:01  Supply Depot  
  91  12:04  Marauder  
  91  12:05  Marine  
  94  12:08  Marine x2  
  94  12:09  Marine x2  
  94  12:20  Marine x2  
  94  12:21  Marauder x2, Marine  
  97  12:25  Marauder  
  99  12:32  Medivac x2  
  99  12:34  Marine  
  99  12:36  Marine  
  105  12:42  Marauder  
  101  12:46  Marauder  
  89  13:02  Medivac x2  
  77  13:08  Marauder  
  44  13:14  Marauder, Marine  
  44  13:15  Marauder, Marine x5  
  44  13:16  Marine  
  49  13:29  Marauder  
  49  13:32  Medivac x2  
  55  13:35  Marine  
  55  13:36  Marine x5  
  61  13:46  Marauder, Marine  
  34  14:41  Marine  
  34  14:42  Marauder, Marine x4  
  35  14:53  Marauder, Marine x4  
  35  14:54  Marine  
  35  14:59  Marine x2  
  43  15:00  Marine x2  
  39  16:00  Marine  
Show
View Real Time Build Order
Export as new Build Order

ZerO Zerg 

Build Orders: Hatch First, Lurkers 

Get SALT Encoding   

  12  0:01  Drone  
  13  0:11  Drone  
  14  0:19  Extractor  
  14  0:20  Extractor  
  12  0:21  Drone  
  12  0:24  Drone  
  16  0:38  Overlord  
  16  1:00  Hatchery  
  15  1:04  Drone x2  
  17  1:13  Spawning Pool  
  16  1:27  Drone x3  
  16  1:29  Extractor  
  18  1:43  Overlord  
  18  2:01  Queen  
  20  2:04  Drone  
  20  2:05  Drone  
  22  2:20  Drone x2  
  24  2:34  Queen  
  26  2:37  Drone x3  
  26  2:38  Drone  
  30  2:48  Extractor  
  29  2:52  Drone  
  29  2:53  Drone  
  31  3:06  Overlord  
  31  3:07  Drone x3  
  31  3:12  Roach Warren  
  33  3:19  Drone  
  35  3:20  Drone x2  
  35  3:26  Overlord  
  36  3:27  Drone x2  
  38  3:44  Hatchery  
  38  3:45  Drone x3  
  38  3:46  Drone  
  41  3:56  Lair  
  41  4:01  Evolution Chamber  
  40  4:05  Extractor, Overlord  
  40  4:06  Roach x2  
  43  4:34  Roach x7  
  43  4:35  Roach  
  59  4:52  Overlord  
  59  4:53  Overlord  
  59  5:00  Ravager x2  
  59  5:01  Ravager x3  
  64  5:14  Roach  
  64  5:15  Roach x4  
  64  5:17  Queen  
  76  5:42  Glial Reconstitution  
  76  5:46  Zerg Missile Weapons Level 1  
  76  5:47  Drone x6  
  82  5:52  Extractor  
  82  5:53  Overlord x2  
  76  6:25  Roach x3  
  77  6:26  Roach x8  
  77  6:27  Roach x2  
  80  6:49  Evolution Chamber  
  80  6:50  Roach x4  
  80  6:51  Drone x2, Hydralisk Den  
  80  6:52  Drone x2  
  90  7:16  Roach x3  
  90  7:17  Roach  
  90  7:22  Overlord x3  
  98  7:23  Overlord  
  98  7:28  Lurker Den  
  98  7:31  Zerg Ground Armor Level 1  
  98  7:40  Overlord x2  
  98  7:45  Drone x6  
  98  7:46  Drone x4  
  108  8:10  Hydralisk x2  
  108  8:11  Hydralisk x5  
  110  8:58  Roach x5  
  110  9:08  Roach x5  
  110  9:09  Roach x2  
  82  9:26  Hydralisk x5  
  84  9:46  Hydralisk  
  84  9:47  Hydralisk x5  
  88  10:02  Lurker x2  
  88  10:03  Drone x3  
  88  10:04  Drone x3  
  96  10:10  Ravager x3  
  96  10:40  Hydralisk  
  96  10:41  Hydralisk x5  
  96  10:42  Overlord x2  
  108  10:49  Lurker  
  110  10:50  Lurker  
  110  10:53  Extractor  
  110  10:54  Extractor  
  97  11:18  Lurker x3  
  97  11:19  Lurker  
  99  11:30  Hydralisk x3  
  105  11:33  Zergling x6  
  105  11:34  Zergling x14  
  115  11:51  Roach x2  
  115  11:52  Roach x4  
  127  11:55  Drone  
  128  12:26  Roach x4  
  128  12:27  Roach x5  
  143  12:41  Overseer  
  143  12:49  Roach x7  
  143  12:50  Roach x2  
  133  13:19  Roach x2  
  133  13:20  Roach x4  
  127  13:38  Drone  
  127  13:39  Drone x5  
  127  13:40  Spore Crawler x3  
  127  13:41  Spore Crawler  
  129  13:53  Lurker x3  
  132  14:20  Hatchery  
  132  14:21  Roach x4  
  70  15:10  Zergling x10  
  70  15:11  Zergling x6  
  78  15:36  Hatchery  
  74  15:48  Drone x6  
  74  15:49  Drone x3  
Tags
 
Add a new tag
Caveats
  • Supply blocks, unpowered buildings, or Contaminate may cause inaccurate times.
  • Supply counts are checked every 10 seconds.